 Dungeon Crawl Stone Soup version 0.25-b1-37-g2669288c55 (webtiles) character file.

Game seed: 13960638310793568219

14 grindst0ne the Sneak (level 2, -3/13 HPs)
             Began as a Spriggan Enchanter on June 5, 2020.
             Slain by a kobold
             ... wielding a +0 short sword
              (5 damage)
             ... on level 1 of the Dungeon.
             The game lasted 00:02:09 (675 turns).

grindst0ne the Sneak (Spriggan Enchanter)            Turns: 675, Time: 00:02:09

Health: -3/13      AC:  2    Str:  4    XL:     2   Next: 27%
Magic:  7/7        EV: 19    Int: 16    God:
Gold:   22         SH:  0    Dex: 16    Spells: 4/7 levels left

rFire    . . .     SeeInvis +   a - +1 dagger
rCold    . . .     Gourm    .   (shield restricted)
rNeg     . . .     Faith    .   b - +0 robe
rPois    .         Spirit   .   (helmet restricted)
rElec    .         Reflect  .   (no cloak)
rCorr    .         Harm     .   (gloves unavailable)
MR       .....                  (boots unavailable)
Stlth    +++.......             (no amulet)
HPRegen  0.04/turn              (no ring)
MPRegen  0.10/turn              (no ring)

@: very quick
A: very small, unfitting armour, see invisible, herbivore, speed 3, slow
metabolism 2
a: no special abilities


You were on level 1 of the Dungeon.
You were not hungry.

You visited 1 branch of the dungeon, and saw 1 of its levels.

You collected 22 gold pieces.

Inventory:

Hand Weapons
 a - a +1 dagger (weapon)
Armour
 b - a +0 robe (worn)
Scrolls
 e - a scroll of remove curse {unknown}
 f - a scroll of identify {unknown}
Potions
 c - 2 potions of lignification {unknown}
Comestibles
 d - a ration


   Skills:
 - Level 1.1 Short Blades
 + Level 3.4 Dodging
 + Level 4.7 Stealth
 - Level 3.0 Spellcasting
 + Level 3.9 Hexes


You had 4 spell levels left.
You knew the following spells:

 Your Spells              Type           Power        Failure   Level  Hunger
a - Corona                Hex            ##.....      3%          1    #......
b - Ensorcelled Hibernat  Hex/Ice        #.....       13%         2    ##.....

Your spell library contained the following spells:

 Spells                   Type           Power        Failure   Level  Hunger
 Confusing Touch          Hex            ##......     12%         3    ###....
 Tukima's Dance           Hex            ##......     12%         3    ###....
 Dazzling Flash           Conj/Hex       #.....       26%         3    ###....


Dungeon Overview and Level Annotations

Branches:
Dungeon (1/15)

Altars:


Innate Abilities, Weirdness & Mutations

You are very small and have problems with some larger weapons.
You are too small for most types of armour.
You have supernaturally acute eyesight. (SInv)
You are a herbivore.
You cover ground extremely quickly.
You need to consume almost no food.


Message History

The giant cockroach splashes around in the water.
The kobold closely misses you.
You hit the kobold but do no damage.
The kobold is moderately wounded.
The giant cockroach bites you but does no damage.
The kobold misses you.
You hit the kobold.
The kobold is severely wounded.
The giant cockroach bites you. The kobold closely misses you.
The giant cockroach completely misses you.
You hit the kobold but do no damage.
The kobold is severely wounded.
The kobold hits you with a +0 short sword.
* * * LOW HITPOINT WARNING * * *
The giant cockroach closely misses you.
You barely miss the kobold.
The kobold is severely wounded.
The kobold stops glowing.
The kobold hits you with a +0 short sword.
You die...

###...#### # .........#
#.# ...†.....# #.#
.........###.####
.##...#...(......
.##............# #
.##†....####(#.####.#
....#....#...≈..≈.≈.####
.##.####......≈.@K.≈.≈.#
....##≈≈≈≈≈≈≈.≈≈≈s≈≈≈≈≈≈
...##≈≈≈≈≈≈≈≈≈≈≈≈≈≈≈≈≈≈≈
.#. #≈##..≈......≈.....#
...#≈≈ ##≈...≈≈..≈≈≈...#
.#.## ##.≈≈..≈...≈#.## .
###...!.###..# .......
.##


You could see a giant cockroach and a kobold.

Vanquished Creatures
  A dart slug (D:1)
  A giant cockroach (D:1)
  A goblin (D:1)
  2 hobgoblins (D:1)
  3 bats (D:1)
  A kobold (D:1)
  2 rats (D:1)
11 creatures vanquished.

Notes
Turn   | Place    | Note
-------+----------+-------------------------------------------
     0 | D:1      | grindst0ne the Spriggan Enchanter began the quest for the
                  | Orb.
     0 | D:1      | Reached XP level 1. HP: 9/9 MP: 5/5
   523 | D:1      | Reached XP level 2. HP: 12/13 MP: 3/6
   527 | D:1      | Learned a level 2 spell: Ensorcelled Hibernation
   675 | D:1      | Slain by a kobold

Illustrated notes

Levels and vault maps discovered:
D:1:      psy_arrival_fountain, layout_loops_ring, minmay_misc_feat_roman,
          st_stairs_3, chequers_serial_rivers_small_3, minivault_25,
          nicolae_ashenzari_panopticon

Skill      XL: |  1  2 |
---------------+-------+-----
Spellcasting   | 3 |  3.0
Short Blades   | |  1.1
Dodging        | |  3.4
Stealth        | |  4.7
Hexes          | |  3.9

Action                   || total
-------------------------++-------
Melee: Dagger            ||    69
 Cast: Corona            ||     6
 Stab: Sleeping          ||     4
Armor: Robe              ||     9
Dodge: Dodged            ||    66
